 Dungeon Crawl Stone Soup version 0.18-a0-1773-gec4f98e (webtiles) character file.

29159 saintsgambit the Cleaver (level 13, 0/117 HPs)
             Began as a Minotaur Berserker on Apr 15, 2016.
             Was the Champion of Trog.
             Slain by a wolf spider (8 damage)
             ... on level 1 of the Spider Nest.
             The game lasted 00:56:31 (11151 turns).

saintsgambit the Cleaver (Minotaur Berserker)      Turns: 11151, Time: 00:56:33

Health: 0/117      AC: 18    Str: 24    XL:     13   Next: 13%
Magic:  4/4        EV: 13    Int:  5    God:    Trog [******]
Gold:   1200       SH:  0    Dex: 12    Spells: 0 memorised, 12 levels left

rFire  . . .     SeeInvis .     T - +3 broad axe (antimagic)
rCold  . . .     Gourm    .     Q - +2 scale mail {MR+}
rNeg   . . .     Faith    .     D - +1 large shield
rPois  +         Spirit   .     (helmet restricted)
rElec  .         Dismiss  .     O - +1 cloak
rCorr  .         Reflect  .     K - +1 pair of gloves
SustAt .         Harm     .     z - +2 pair of boots
MR     +....                    (no amulet)
Stlth  ..........               (no ring)
                                h - ring of poison resistance

@: confused, somewhat resistant to hostile enchantments, extremely unstealthy
A: retaliatory headbutt, horns 2
a: Berserk, Trog's Hand, Brothers in Arms, Burn Spellbooks, Renounce Religion


You were on level 1 of the Spider Nest.
You worshipped Trog.
Trog was exalted by your worship.
You were very hungry.

You visited 3 branches of the dungeon, and saw 15 of its levels.
You also visited: Ossuary, Bailey and Ice Cave.

You collected 1200 gold pieces.

Inventory:

Hand Weapons
 m - the +3 broad axe "Nics" {drain, Int+4}
   (Trog gifted it to you in a bailey)

   A truly terrible weapon, it drains the life of those it strikes.
   It affects your intelligence (+4).
 o - a +3 antimagic broad axe
 P - a +2 antimagic battleaxe
 T - a +3 antimagic broad axe (weapon)
Missiles
 I - 4 javelins of penetration (quivered)
 J - 3 javelins
Armour
 z - a +2 pair of boots (worn)
 D - a +1 large shield (worn)
 K - a +1 pair of gloves (worn)
 O - a +1 cloak (worn)
 Q - a +2 scale mail of magic resistance (worn)
Jewellery
 h - a ring of poison resistance (left hand)
 R - an uncursed amulet of faith {unknown}
 Z - an uncursed ring of flight {unknown}
Wands
 b - a wand of confusion (21/48)
 i - a wand of iceblast (7/15)
 B - a wand of flame (25/48)
 N - a wand of teleportation (3/9)
 W - a wand of digging (12/24)
Scrolls
 a - a scroll of fog {unknown}
 e - 3 scrolls of enchant weapon {unknown}
 k - 11 scrolls of remove curse
 l - a scroll of enchant armour
 n - 3 scrolls of identify
 p - 3 scrolls of teleportation
 s - 2 scrolls of fear
 y - a scroll of brand weapon {unknown}
 M - a scroll of immolation {unknown}
 S - a scroll of acquirement {unknown}
 U - a scroll of silence {unknown}
 Y - a scroll of noise {unknown}
Potions
 c - 2 potions of might {unknown}
 d - a potion of resistance {unknown}
 g - a potion of mutation {unknown}
 j - 2 potions of degeneration {unknown}
 q - 7 potions of lignification
 v - 5 potions of curing
 w - 3 potions of magic {unknown}
 x - 2 potions of heal wounds
 C - a potion of cancellation {unknown}
 E - 2 potions of agility {unknown}
 F - 3 potions of cure mutation {unknown}
 G - 8 potions of flight
 H - 4 potions of haste {unknown}
 X - a potion of brilliance {unknown}
Comestibles
 f - 6 meat rations
 r - 8 beef jerkies
 u - 2 slices of pizza
 L - 11 fruits


   Skills:
 + Level 11.7 Fighting
 + Level 13.7 Axes
 + Level 1.4 Throwing
 + Level 8.6 Armour
 + Level 12.4 Dodging
 + Level 2.9 Stealth
 + Level 11.7 Shields


You had 12 spell levels left.
You didn't know any spells.

Dungeon Overview and Level Annotations

Branches:
Dungeon (11/15)            Temple (0/1) D:7            Lair (3/8) D:11
 Spider (1/4) Lair:3
  Swamp: Lair:3-6    Shoals: Lair:3-6       Orc: D:9-12

Altars:
Cheibriados
Dithmenos
Gozag
Nemelex Xobeh
Okawaru
Qazlal
Sif Muna
Trog
Vehumet
Xom
Yredelemnul
Zin
The Shining One


Innate Abilities, Weirdness & Mutations

You reflexively headbutt those who attack you in melee.
You have a pair of horns on your head.


Message History

The wolf spider bites you.
* * * LOW HITPOINT WARNING * * *
The tarantella closely misses you. The wolf spider barely misses you.
The wolf spider bites you but does no damage.
You bump into the rock wall.
The wolf spider hits you!
* * * LOW HITPOINT WARNING * * *
The wolf spider bites you.
* * * LOW HITPOINT WARNING * * *
The wolf spider closely misses you. The wolf spider bites you.
* * * LOW HITPOINT WARNING * * *
The tarantella bites you.
* * * LOW HITPOINT WARNING * * *
You hit the wolf spider but do no damage.
You headbutt the wolf spider.
The wolf spider is moderately wounded.
You hit the tarantella.
The tarantella is moderately wounded.
The tarantella bites you but does no damage.
The wolf spider hits you!
You die...

... #.....##.##
..####....^###
...#.#......#
#####....####...#
#≈#..... #....[.##
#≈≈#..#####......#
#...#.##...#...##
≈≈≈#..ss..##..##...##
#≈...@...#####....# #
#≈≈###†...#..#...(##
. #≈≈≈
#........#..### #
#.###
#.†......#..#### ...
##.#†#......#..# # ..
###.#........## ## .
#.............# .#..
##^ #......####.###
.... #...
###....#.####


You could see a wolf spider and a tarantella.

Vanquished Creatures
  Maud (D:10)
  Erica (D:8)
  A wolf spider (Spider:1)
  The ghost of edgefigaro the Insei, a novice DsWn (D:5)
  An orb spider (Spider:1)
  2 ugly things (D:11)
  A centaur zombie (D:9)
  Joseph (D:10)
  Maurice (D:8)
  A black mamba (Lair:1)
  4 spiny frogs
  A rime drake (Lair:2)
  7 komodo dragons
  A demonic crawler (Spider:1)
  8 jumping spiders
  7 polar bears (IceCv)
  4 slime creatures (D:10)
  13 redbacks
  4 tarantellas (Spider:1)
  A wyvern (D:11)
  Eustachio (D:4)
  2 basilisks
  2 fire elementals (Spider:1)
  A hungry ghost (D:11)
  3 hippogriffs
  14 yaks
  3 vampire mosquitoes (Lair:2)
  Edmund (D:6)
  An insubstantial wisp (Lair:2)
  A mottled dragon (Lair:1)
  4 hell hounds (Spider:1)
  2 water moccasins
  3 porcupines (Lair:2)
  An ice beast (D:8)
  4 orc warriors
  3 sky beasts
  A necrophage (D:8)
  3 phantoms
  A black bear (Lair:3)
  4 ogres
  9 centaurs
  16 wolves
  5 crocodiles
  6 giant frogs
  2 big kobolds
  8 gnoll sergeants (Bailey)
  3 water moccasin zombies
  4 scorpions
  The ghost of nightshiftgray the Shield-Bearer, a weakling MiFi (D:3)
  10 killer bees (D:11)
  10 wights
  A howler monkey (D:8)
  An electric eel (Spider:1)
  4 crimson imps
  8 hounds
  2 centaur skeletons
  5 jellies
  9 orc wizards
  6 gnoll shamans (Bailey)
  3 orc priests
  10 iguanas
  6 worker ants
  4 big kobold zombies (Ossuary)
  A hound skeleton (D:4)
  2 mummies (Ossuary)
  Robin (D:3)
  17 gnolls
  13 adders
  16 river rats
  A shadow imp (D:6)
  12 white imps (Lair:1)
  3 adder zombies (Ossuary)
  2 dart slugs
  11 giant geckos
  28 orcs
  6 bats
  3 giant cockroaches
  24 goblins
  8 hobgoblins
  5 jackals
  6 quokkas
  3 ball pythons
  2 giant newts (D:2)
  A gnoll zombie (Ossuary)
  3 hobgoblin zombies (Ossuary)
  20 kobolds
  7 kobold zombies (Ossuary)
  6 orc zombies (Ossuary)
  A quokka skeleton (D:9)
  A quokka zombie (D:7)
  5 rats
  4 fungi
  2 plants (Lair:2)
463 creatures vanquished.

Vanquished Creatures (collateral kills)
  3 yaks (D:10)
3 creatures vanquished.

Vanquished Creatures (others)
  A jumping spider (Spider:1)
1 creature vanquished.

Grand Total: 467 creatures vanquished

Notes
Turn   | Place    | Note
--------------------------------------------------------------
     0 | D:1      | saintsgambit the Minotaur Berserker began the quest for the Orb.
     0 | D:1      | Reached XP level 1. HP: 19/19 MP: 0/0
   134 | D:1      | Reached XP level 2. HP: 16/27 MP: 1/1
   787 | D:2      | Reached XP level 3. HP: 33/33 MP: 2/2
   818 | D:2      | Reached skill level 4 in Axes
   957 | D:2      | Reached ** piety under Trog
   982 | D:2      | Found a shadowy altar of Dithmenos.
  1133 | D:3      | Noticed nightshiftgray's ghost (weakling MiFi)
  1143 | D:3      | Killed nightshiftgray's ghost
  1143 | D:3      | Reached XP level 4. HP: 27/41 MP: 3/3
  1430 | D:3      | Noticed Robin
  1436 | D:3      | Reached XP level 5. HP: 47/47 MP: 4/4
  1444 | D:3      | Killed Robin
  1535 | D:3      | Reached *** piety under Trog
  1569 | D:3      | Found a deep blue altar of Sif Muna.
  1588 | D:3      | Reached skill level 5 in Axes
  1908 | D:3      | Reached skill level 5 in Fighting
  2037 | D:4      | Noticed an ogre
  2043 | D:4      | Killed an ogre
  2043 | D:4      | Reached XP level 6. HP: 56/56 MP: 5/5
  2099 | D:4      | Noticed a water moccasin
  2112 | D:4      | Killed a water moccasin
  2112 | D:4      | Reached skill level 5 in Dodging
  2378 | D:4      | Found a glowing golden altar of the Shining One.
  2383 | D:4      | Found a basalt altar of Yredelemnul.
  2388 | D:4      | Noticed Eustachio
  2396 | D:4      | Killed Eustachio
  2396 | D:4      | Reached skill level 1 in Stealth
  2396 | D:4      | Reached XP level 7. HP: 62/62 MP: 6/6
  2704 | D:4      | Found a radiant altar of Vehumet.
  2739 | D:4      | Reached skill level 6 in Axes
  2915 | D:5      | Entered Level 5 of the Dungeon
  2937 | D:5      | Noticed edgefigaro's ghost (novice DsWn)
  2957 | D:5      | Killed edgefigaro's ghost
  2957 | D:5      | Reached XP level 8. HP: 65/71 MP: 7/7
  2980 | D:5      | Reached skill level 7 in Axes
  3030 | D:5      | Reached **** piety under Trog
  3190 | D:5      | Found a sand-covered staircase.
  3199 | Ossuary  | Entered an ossuary
  3615 | D:6      | Reached skill level 8 in Axes
  3639 | D:6      | Found a glowing silver altar of Zin.
  3640 | D:6      | Found a sparkling altar of Nemelex Xobeh.
  3675 | D:6      | Found an opulent altar of Gozag.
  3846 | D:6      | Found a shimmering altar of Xom.
  3847 | D:6      | Found a shimmering altar of Xom.
  3847 | D:6      | Found a shimmering altar of Xom.
  3847 | D:6      | Found a shimmering altar of Xom.
  3962 | D:6      | Noticed Edmund
  3975 | D:6      | Killed Edmund
  3975 | D:6      | Reached skill level 5 in Armour
  3975 | D:6      | Reached XP level 9. HP: 79/79 MP: 8/8
  4062 | D:6      | Found a deep blue altar of Sif Muna.
  4147 | D:6      | Found an iron altar of Okawaru.
  4147 | D:6      | Found a bloodstained altar of Trog.
  4150 | D:6      | Found a snail-covered altar of Cheibriados.
  4484 | D:7      | Reached skill level 1 in Shields
  4767 | D:7      | Reached skill level 9 in Axes
  4779 | D:7      | Found a staircase to the Ecumenical Temple.
  5041 | D:8      | Found a stormy altar of Qazlal.
  5142 | D:8      | Found an opulent altar of Gozag.
  5222 | D:8      | Noticed Maurice
  5224 | D:8      | Noticed Erica
  5251 | D:8      | Killed Erica
  5251 | D:8      | Reached ***** piety under Trog
  5272 | D:8      | Killed Maurice
  5272 | D:8      | Reached XP level 10. HP: 29/89 MP: 9/9
  5298 | D:8      | Found a flagged portal.
  5324 | Bailey   | Entered a bailey
  5729 | Bailey   | Received a gift from Trog
  5734 | Bailey   | Reached skill level 5 in Shields
  5747 | Bailey   | Got a jewelled broad axe {god gift}
  5748 | Bailey   | Identified the +3 broad axe "Nics" {drain, Int+4} (Trog gifted it to you in a bailey)
  5986 | Bailey   | Reached skill level 10 in Dodging
  6434 | D:8      | Reached skill level 10 in Axes
  6910 | D:9      | Reached skill level 1 in Throwing
  7125 | D:10     | Entered Level 10 of the Dungeon
  7295 | D:10     | Reached skill level 11 in Axes
  7303 | D:10     | Reached XP level 11. HP: 58/97 MP: 10/10
  7412 | D:10     | Noticed Joseph
  7427 | D:10     | Noticed Maud
  7427 | D:10     | Killed Joseph
  7439 | D:10     | Killed Maud
  7516 | D:10     | Reached skill level 10 in Fighting
  7745 | D:11     | Noticed a red ugly thing
  7759 | D:11     | Killed a red ugly thing
  7859 | D:11     | Received a gift from Trog
  7904 | D:11     | Noticed a red ugly thing
  7914 | D:11     | Killed a red ugly thing
  7914 | D:11     | Reached skill level 12 in Axes
  8306 | D:11     | Found a staircase to the Lair.
  8317 | Lair:1   | Entered Level 1 of the Lair of Beasts
  8381 | Lair:1   | Found a frozen archway.
  8416 | IceCv    | Entered an ice cave
  8615 | IceCv    | Reached XP level 12. HP: 108/108 MP: 3/11
  9582 | Lair:2   | Reached ****** piety under Trog
  9631 | Lair:2   | Reached skill level 10 in Shields
  9721 | Lair:2   | Reached skill level 13 in Axes
  9722 | Lair:2   | Received a gift from Trog
 10413 | Lair:3   | Found a hole to the Spider Nest.
 10495 | Spider:1 | Entered Level 1 of the Spider Nest
 10856 | Spider:1 | Reached XP level 13. HP: 105/116 MP: 4/12
 11024 | Spider:1 | Received a gift from Trog
 11151 | Spider:1 | Slain by a wolf spider

Vault maps used:
D:1:      co_arrival_random_square_maze
D:2:      grunt_dithmenos_smoke_and_mirrors
D:3:      kennysheep_goblin_castle, led_sif_book, first_bread, dk_noncrumbling_4
D:4:      grunt_temple_overflow_holy_war, vehumet_altar_wand_db,
          minmay_misc_feat_square, grunt_ministairs_13, uniq_eustachio
D:5:      lightli_ossuary_entry_decrepit_ruins
D:6:      kennysheep_orc_sif_temple, nicolae_overflow_hidden_temple,
          gammafunk_temple_overflow_forgotten, xom_redecorated, uniq_edmund
D:7:      minmay_temple_entry_overgrown
D:8:      old_standard_altar, enter_bailey_3, grunt_gozag_breadcrumbs,
          uniq_erica, uniq_maurice
D:10:     uniq_maud, uniq_joseph
D:11:     erik_lair_island, david_orc_4
Lair:1:   portal_ice_cave_entry_imps
Lair:2:   beast_lair_carwin_large_4, serial_forest,
          infiniplex_forest_clump_double, infiniplex_forest_clump_curved,
          infiniplex_forest_lined_corner, infiniplex_forest_lined_2,
          infiniplex_forest_lined_3, pond, lemuel_fruit_tree
Lair:3:   spider_nest_entry_a, beast_lair_carwin_11, uniq_rupert
Spider:1: uniq_azrael
Ossuary:  ossuary_tomb_2
Bailey:   bailey_polearm_gnolls_kennysheep, bailey
IceCv:    ice_cave_small_giant

Skill      XL: |  1  2  3  4  5  6  7  8  9 10 11 12 |
---------------+-------------------------------------+-----
Fighting       | 4 5 6 7 8 9 10 11 | 11.7
Axes           | 4 5 6 8 9 11 12 13 | 13.7
Dodging        | 3 4 5 6 8 9 10 11 12 | 12.4
Armour         | 3 5 6 7 8 |  8.6
Stealth        | 1 2 |  2.9
Shields        | 4 7 9 11 | 11.7
Throwing       | 1 |  1.4

Action                   |  1- 3 |  4- 6 |  7- 9 | 10-12 | 13-15 || total
-------------------------+-------+-------+-------+-------+-------++-------
Melee: Hand axe          |    74 |    95 |   252 |       |       ||   421
       Headbutt          |     8 |    12 |    77 |   156 |    18 ||   271
       War axe           |       |       |   107 |    75 |       ||   182
       Broad axe         |       |       |       |   667 |    59 ||   726
Throw: Javelin           |       |       |       |     6 |       ||     6
Invok: Berserk           |     1 |     3 |     6 |     9 |     1 ||    20
       Burn Spellbooks   |       |     2 |     1 |     1 |       ||     4
       Brothers in Arms  |       |       |       |     1 |       ||     1
  Use: Potion            |     1 |       |       |     1 |     2 ||     4
       Scroll            |       |       |     2 |    15 |       ||    17
 Stab: Sleeping          |       |       |     1 |       |       ||     1
  Eat: Bread ration      |       |     2 |     3 |     5 |       ||    10
       Royal jelly       |       |       |     1 |       |       ||     1
       Chunk             |       |       |       |     7 |       ||     7
       Pizza             |       |       |       |       |     1 ||     1
Armor: Animal skin       |    15 |       |       |       |       ||    15
       Leather armour    |     1 |    24 |    78 |    21 |       ||   124
       Scale mail        |       |       |       |   199 |    19 ||   218
Dodge: Dodged            |    59 |    81 |   141 |   275 |    38 ||   594
Block: Large shield      |       |       |   109 |   706 |    61 ||   876
